 Dungeon Crawl Stone Soup version 0.18.1-5-g4a78601 (webtiles) character file.

152 Inkary the Covered (level 5, -5/47 HPs)
             Began as a Minotaur Fighter on May 12, 2016.
             Slain by a gnoll
             ... wielding a cursed +0 halberd
              (7 damage)
             ... on level 3 of the Dungeon.
             The game lasted 00:02:50 (1464 turns).

Inkary the Covered (Minotaur Fighter)               Turns: 1464, Time: 00:02:51

Health: -5/47      AC:  7    Str: 21    XL:     5   Next: 11%
Magic:  4/4        EV:  9    Int:  5    God:
Gold:   136        SH:  0    Dex: 10    Spells: 0 memorised, 4 levels left

rFire  + . .     SeeInvis .     a - +0 flail
rCold  x . .     Gourm    .     b - +0 scale mail
rNeg   + . .     Faith    .     (no shield)
rPois  .         Spirit   .     (helmet restricted)
rElec  .         Dismiss  .     (no cloak)
rCorr  .         Reflect  .     (no gloves)
SustAt .         Harm     .     (no boots)
MR     .....                    (no amulet)
Stlth  ..........               p - ring of positive energy
                                r - ring of fire

@: not resistant to hostile enchantments, extremely unstealthy
A: retaliatory headbutt, horns 2
a: no special abilities


You were on level 3 of the Dungeon.
You were not hungry.

You visited 1 branch of the dungeon, and saw 3 of its levels.

You collected 136 gold pieces.

Inventory:

Hand Weapons
 a - a +0 flail (weapon)
Armour
 b - a +0 scale mail (worn)
 c - a +0 shield
Jewellery
 m - an uncursed ring of ice
 p - a ring of positive energy (right hand)
 r - a ring of fire (left hand)
 w - an uncursed amulet of guardian spirit {unknown}
Scrolls
 e - 3 scrolls of identify {unknown}
 g - a scroll of enchant weapon {unknown}
 j - 2 scrolls of fog {unknown}
 k - a scroll of remove curse {unknown}
 l - a scroll of teleportation {unknown}
 n - 2 scrolls of immolation {unknown}
 o - a scroll of random uselessness {unknown}
Potions
 d - 3 potions of might
 h - 2 potions of curing {unknown}
 q - a potion of cancellation {unknown}
 s - a potion of agility {unknown}
Books
 v - a book of Dreams

   Spells                             Type                      Level
   a - Ensorcelled Hibernation        Hexes/Ice                    2
   b - Silence                        Hexes/Air                    5
   c - Darkness                       Hexes                        6
   d - Shadow Creatures               Summoning                    6
Comestibles
 f - a bread ration
 i - 10 fruits
 t - a meat ration
 u - a chunk of flesh


   Skills:
 + Level 4.7 Fighting
 + Level 4.4 Maces & Flails
 + Level 5.0 Armour
 - Level 3.6 Shields


You had 4 spell levels left.
You didn't know any spells.

Dungeon Overview and Level Annotations

Branches:
Dungeon (3/15)

Altars:


Innate Abilities, Weirdness & Mutations

You reflexively headbutt those who attack you in melee.
You have a pair of horns on your head.


Message History

a whip; a spear; a kobold corpse; a gnoll corpse You are too injured to fight recklessly!
You are too injured to fight recklessly!
You are too injured to fight recklessly!
You are too injured to fight recklessly!
Your scale mail prevents you from hitting the gnoll.
The gnoll barely misses you.
The gnoll hits you from afar with a spear.
* * * LOW HITPOINT WARNING * * *
You closely miss the gnoll. The gnoll barely misses you.
The gnoll hits you but does no damage.
You hit the gnoll. You headbutt the gnoll.
The gnoll is moderately wounded.
The gnoll hits you from afar with a spear.
* * * LOW HITPOINT WARNING * * *
The gnoll closely misses you. You furiously retaliate!
You headbutt the gnoll. You hit the gnoll.
The gnoll is almost dead.
The gnoll barely misses you. The gnoll hits you with a halberd!
You die...

.....# #.###.#.#
...<..# #.##..#.#
.......##.......######
......g'...............
.......####...#########
......# ##..## .....#
##.g# #...# ##g# ##+#
#@# #.# #. #.# ##.##
#.# ##... #.# ....
#########.# ...
#.........#
####.###.#########
...#.##...##


You could see 2 gnolls.

Vanquished Creatures
  A giant frog skeleton (D:3)
  Ijyb (D:2)
  Terence (D:2)
  2 adders (D:2)
  A gnoll (D:3)
  An ooze (D:2)
  A dart slug (D:1)
  7 bats
  A giant cockroach (D:3)
  7 hobgoblins
  2 jackals (D:3)
  7 kobolds
  A quokka (D:2)
  2 ball pythons
  2 giant newts
  2 goblins
  5 rats
44 creatures vanquished.

Notes
Turn   | Place    | Note
--------------------------------------------------------------
     0 | D:1      | Inkary the Minotaur Fighter began the quest for the Orb.
     0 | D:1      | Reached XP level 1. HP: 19/19 MP: 0/0
   160 | D:1      | Reached skill level 4 in Armour
   213 | D:1      | Reached XP level 2. HP: 14/27 MP: 1/1
   675 | D:2      | Reached XP level 3. HP: 33/33 MP: 2/2
   712 | D:2      | Noticed Ijyb
   731 | D:2      | Killed Ijyb
   731 | D:2      | Reached XP level 4. HP: 33/41 MP: 3/3
   867 | D:2      | Noticed Terence
   879 | D:2      | Killed Terence
  1291 | D:3      | Reached skill level 5 in Armour
  1291 | D:3      | Reached XP level 5. HP: 47/47 MP: 4/4
  1463 | D:3      | HP: 2/47 [gnoll/spear (3)]
  1464 | D:3      | Slain by a gnoll

Skill      XL: |  1  2  3  4 |
---------------+-------------+-----
Armour         | 4 5 |  5.0
Maces & Flails | 3 4 |  4.4
Fighting       | 4 |  4.7
Shields        | |  3.6

Action                   |  1- 3 |  4- 6 || total
-------------------------+-------+-------++-------
Melee: Flail             |    81 |    39 ||   120
       Headbutt          |    10 |     8 ||    18
  Eat: Chunk             |       |     2 ||     2
Armor: Scale mail        |    46 |    23 ||    69
Dodge: Dodged            |    56 |    18 ||    74
